 Dungeon Crawl Stone Soup version 0.29.1-13-g9f3cf754e1 (webtiles) character file.

Game seed: 15852029226131727433

285 croobank the Changer (level 6, -9/41 HPs)
             Began as an Octopode Transmuter on Jan 28, 2023.
             Mangled by a black bear (12 damage)
             ... on level 5 of the Dungeon.
             The game lasted 00:10:56 (5631 turns).

croobank the Changer (Octopode Transmuter)          Turns: 5631, Time: 00:10:57

Health: -9/41      AC:  1    Str:  9    XL:     6   Next: 29%
Magic:  4/10       EV: 13    Int: 18    God:
Gold:   175        SH:  5    Dex: 12    Spells: 6/11 levels left

rFire   . . .      SeeInvis .   i - +1 short sword (speed)
rCold   . . .      Faith    .   (no shield)
rNeg    . . .      Spirit   .   (helmet restricted)
rPois   .          Reflect  +   u - amulet of reflection
rElec   .          Harm     .   (no ring)
rCorr   .          Rampage  .   (no ring)
Will    .....                   (no ring)
Stlth   ++........              (no ring)
HPRegen 0.13/turn               (no ring)
MPRegen 0.12/turn               (no ring)
                                (no ring)
                                (no ring)

@: very slightly contaminated
A: almost no armour, amphibious, 8 rings, camouflage 1, gelatinous body 1,
(nimble swimmer 1), tentacles
a: no special abilities


You were on level 5 of the Dungeon.
You visited 1 branch of the dungeon, and saw 5 of its levels.

You collected 175 gold pieces.

Inventory:

Hand Weapons
 c - a +0 dagger
 d - a +0 short sword
 i - a +1 short sword of speed (weapon)
 m - a +2 vorpal hand axe
 r - a +0 sling
 w - a +0 vorpal scimitar
Missiles
 j - 6 boomerangs (quivered)
 l - 6 poisoned darts
Magical Staves
 o - a staff of conjuration
Jewellery
 u - an amulet of reflection (around mantle)
Scrolls
 p - a scroll of vulnerability
Potions
 a - a potion of lignification
 e - a potion of heal wounds
 g - 2 potions of might
 h - a potion of magic {unknown}
 k - 2 potions of degeneration {unknown}
 v - 3 potions of curing {unknown}
 z - 2 potions of ambrosia {unknown}


   Skills:
 + Level 2.7 Fighting
 + Level 2.3 Short Blades
 + Level 3.3 Dodging
 - Level 3.0 Unarmed Combat
 + Level 3.1 Spellcasting
 + Level 3.3 Transmutations
 + Level 0.2 Fire Magic


You had 6 spell levels left.
You knew the following spells:

 Your Spells              Type           Power      Damage    Failure   Level
a - Beastly Appendage     Tmut           28%        N/A       4%          1
b - Wereblood             Tmut           14%        N/A       6%          2
c - Scorch                Fire           6%         2d5       22%         2

Your spell library contained the following spells:

 Spells                   Type           Power      Damage    Failure   Level
 Apportation              Tloc           4%         N/A       16%         1
 Necrotise                Necr           8%         1d4       16%         1
 Summon Small Mammal      Summ           8%         N/A       16%         1
 Spider Form              Tmut/Pois      8%         N/A       24%         3
 Ice Form                 Ice/Tmut       8%         N/A       63%         4
 Flame Wave               Conj/Fire      3%         2d5       83%         4
 Summon Cactus Giant      Summ           1%         N/A       100%        6


Dungeon Overview and Level Annotations

Branches:
Dungeon (5/15)
 Temple: D:4-7

Altars:
Fedhas

Annotations:
D:3 1 runed translucent door, Crazy Yiuf


Innate Abilities, Weirdness & Mutations

You cannot wear most types of armour.
You are amphibious.
You can wear up to eight rings at the same time.
Your skin changes colour to match your surroundings (Stealth+).
Your rubbery body absorbs attacks. (AC +1, EV +1)
((You are camouflaged when in or above water. (Stealth+)))
You have tentacles for arms and can constrict up to eight enemies at once.


Message History

A black bear comes into view.
Found a robe.
The black bear growls angrily.
You barely miss the black bear. Your grab misses the black bear.
You hit the black bear. You grab the black bear.
You squeeze the black bear, but do no damage.
The black bear is lightly wounded.
You constrict the black bear, but do no damage.
The black bear bites you. The black bear closely misses you.
The black bear claws you.
Casting: Wereblood (safe; 6% risk of failure)
Confirm with . or Enter, or press ? or * to list all spells.
Flames lash the black bear.
The black bear is moderately wounded.
The black bear's fire resistance burns away.
You constrict the black bear. The black bear barely misses you.
The black bear claws you. x2
Casting: Scorch (safe; 22% risk of failure)
Confirm with . or Enter, or press ? or * to list all spells.
Flames lash the black bear.
The black bear is burned terribly!
The black bear is severely wounded.
You constrict the black bear.
The black bear goes berserk!
You hit the black bear.
The black bear is severely wounded.
You constrict the black bear. The black bear barely misses you.
The black bear claws you!
* * * LOW HITPOINT WARNING * * *
The black bear closely misses you.
You hit the black bear but do no damage.
The black bear is severely wounded.
You constrict the black bear. The black bear bites you!
* * * LOW HITPOINT WARNING * * *
The black bear misses you. The black bear closely misses you.
Casting: Scorch (safe; 22% risk of failure)
Confirm with . or Enter, or press ? or * to list all spells.
You miscast Scorch.
You are very lightly contaminated with residual magic.
Nothing appears to happen.
You constrict the black bear. The black bear bites you!
You die...

#.#...##
#.#..S.
#.....#
#...S.. #
#...#.# #.
#...#
#.####...#
#...[#...#
#.##....#...#
#.......#...#
#..h@....#
##.......#
#.....#.#
#.....#.# .
#...>.#.# #.
+...#...# ##
###.#### #.#


You could see a black bear (berserk, combustible).

Vanquished Creatures
  A phantom (D:4)
  An iguana (D:5)
  An orc wizard (D:4)
  3 gnolls (D:3)
  6 adders
  A worm (D:3)
  A dart slug (D:2)
  4 orcs
  11 endoplasms
  5 hobgoblins
  5 kobolds
  5 quokkas
  5 ball pythons
  4 bats
  7 frilled lizards
  6 goblins
  8 rats
74 creatures vanquished.

Vanquished Creatures (others)
  A fungus (D:3)
1 creature vanquished.

Grand Total: 75 creatures vanquished

Notes
Turn   | Place    | Note
-------+----------+-------------------------------------------
     0 | D:1      | croobank the Octopode Transmuter began the quest for the
                  | Orb.
     0 | D:1      | Reached XP level 1. HP: 13/13 MP: 3/3
   253 | D:1      | Reached XP level 2. HP: 18/18 MP: 3/5
   799 | D:1      | Learned a level 2 spell: Wereblood
  1877 | D:2      | Reached XP level 3. HP: 23/23 MP: 3/6
  2181 | D:2      | Reached skill level 1 in Short Blades
  2202 | D:2      | Found a blossoming altar of Fedhas.
  2866 | D:3      | Reached XP level 4. HP: 27/29 MP: 3/7
  3285 | D:3      | Found a faded altar of an unknown god.
  3750 | D:3      | Reached XP level 5. HP: 34/34 MP: 4/9
  4341 | D:3      | Found a runed translucent door.
  4342 | D:3      | Noticed Crazy Yiuf
  4653 | D:4      | Noticed a phantom
  4678 | D:4      | Killed a phantom
  4679 | D:4      | Reached XP level 6. HP: 29/41 MP: 8/10
  5337 | D:4      | Learned a level 2 spell: Scorch
  5395 | D:5      | Entered Level 5 of the Dungeon
  5622 | D:5      | Noticed a black bear
  5631 | D:5      | Mangled by a black bear

Illustrated notes

Levels and vault maps discovered:
D:1:      erik_arrival_orb_chamber, layout_basic
D:2:      layout_loops_ring, basic_altar
D:3:      layout_basic, shapermc_ecumenical_altar_starsandcircs,
          chequers_serial_rivers_small_a, solitary_fountain,
          serial_bayou_ford_a, minmay_crystal_water, uniq_crazy_yiuf_cottage
D:4:      layout_basic
D:5:      layout_basic, cheibrodos_sewer_entry_bend, nicolae_shop_clearance

Skill      XL: |  1  2  3  4  5 |
---------------+----------------+-----
Short Blades   | 1 2 |  2.3
Fighting       | 2 |  2.7
Dodging        | 3 |  3.3
Transmutations | 3 |  3.3
Spellcasting   | 3 |  3.1
Unarmed Combat | |  3.0
Fire Magic     | |  0.2

Action                   |  1- 3 |  4- 6 || total
-------------------------+-------+-------++-------
Melee: Dagger            |    40 |       ||    40
       Kick              |    23 |    13 ||    36
       Constrict         |    19 |    17 ||    36
       Unarmed           |     3 |       ||     3
       Tentacles         |    12 |    18 ||    30
       Short sword       |    21 |    50 ||    71
       Hand axe          |     8 |    43 ||    51
       Punch             |     1 |     5 ||     6
 Cast: Beastly Appendage |    30 |    19 ||    49
       Wereblood         |    19 |    18 ||    37
       Scorch            |       |     2 ||     2
  Use: Scroll            |       |    11 ||    11
 Stab: Sleeping          |    10 |     4 ||    14
Armor: Skin              |     4 |     4 ||     8
Dodge: Dodged            |    33 |    34 ||    67
Block: Other             |       |     8 ||     8
